 Dungeon Crawl Stone Soup version 0.30.0-5-g1a98f26d00 (webtiles) character file.

Game seed: 15721199900389194192

4827 Chodeload the Fighter (level 10, -6/80 HPs)
             Began as a Djinni Wanderer on May 9, 2023.
             Was a Follower of Ashenzari.
             Mangled by a shadow (29 damage)
             ... on level 9 of the Dungeon.
             The game lasted 00:45:02 (7033 turns).

Chodeload the Fighter (Djinni Wanderer)             Turns: 7033, Time: 00:45:02

Health: -6/80      AC:  7    Str: 10    XL:     10   Next: 77%
Gold:   829        EV: 15    Int: 14    God:    Ashenzari [*.....] SH:  0 Dex: 18

rFire   + + +        E - +0 flail (holy)
rCold   + . .        (no shield)
rNeg    . . .        t - +0 troll leather armour "Stickiness of Ashenzari" {Regen+, Pargi, Melee, Cun} (curse)
rPois   ∞            (no helmet)
rElec   .            N - +2 cloak of Ashenzari's Pantheism {rF+, Self, Range} (curse)
rCorr   .            (no gloves)
SInv    .            (boots unavailable)
Will    +....        (no amulet)
Stlth   ++           k - ring of protection from cold
HPRegen 1.13/turn    r - ring of protection from cold
MPRegen 0.00/turn

%: infuse magic (-7 HP)
@: flying
A: sickness immunity, fire resistance 2, cold vulnerability 1, float, innate
caster, HP casting, extra vitality 1
a: Renounce Religion, Shatter the Chains


You were on level 9 of the Dungeon.
You worshipped Ashenzari.
Ashenzari was aware of your devotion.
You visited 2 branches of the dungeon, and saw 10 of its levels.
You also visited: Sewer and Ossuary.

You collected 1368 gold pieces.
You spent 539 gold pieces at shops.

Inventory:

Hand Weapons
 a - a +2 dagger of protection
 b - a +1 shortbow of freezing
 c - a +0 heavy long sword
 E - a +0 flail of holy wrath (weapon)
Missiles
 g - 21 stones
 l - a curare-tipped dart (quivered)
Armour
 t - the cursed +0 troll leather armour "Stickiness of Ashenzari" (worn) {Regen+, Pargi, Melee, Cun}
   (You found it in a sewer)

   Regen:     It increases your rate of health regeneration.
   It has a curse which improves the following skills: Melee Combat: Short
   Blades, Long Blades, Axes, Maces & Flails, Polearms, Staves and Unarmed
   Combat.
   Cunning:   Dodging and Stealth.
 N - the cursed +2 cloak of Ashenzari's Pantheism (worn) {rF+, Self, Range}
   (You bought it in a shop on level 6 of the Dungeon)

   It has a curse which improves the following skills: Introspection: Fighting
   and Spellcasting.
   Ranged Combat: Ranged Weapons and Throwing.
Magical Staves
 p - a staff of cold
Jewellery
 k - a ring of protection from cold (left hand)
 r - a ring of protection from cold (right hand)
 w - a ring of fire
 H - a ring of ice
 J - a ring of wizardry
Wands
 v - a wand of paralysis (1)
Scrolls
 f - 2 scrolls of blinking
 i - 3 scrolls of fog
 j - 2 scrolls of vulnerability
 q - 2 scrolls of immolation
 u - 2 scrolls of enchant armour
 x - 4 scrolls of teleportation
 B - 2 scrolls of noise
 C - 4 scrolls of summoning
 D - 2 scrolls of enchant weapon
 F - 2 scrolls of brand weapon
 L - a scroll of silence
 M - a scroll of fear
Potions
 d - a potion of cancellation
 e - 3 potions of ambrosia
 m - 6 potions of curing
 n - a potion of resistance
 o - 3 potions of heal wounds
 s - 2 potions of might
 z - 3 potions of haste
 A - a potion of berserk rage
 G - 2 potions of lignification
 I - 2 potions of invisibility
 K - a potion of mutation


   Skills:
 + Level 9.1(9.9) Fighting
 - Level 5.3(6.1) Long Blades
 + Level 3.3(4.1) Ranged Weapons
 - Level 1.0 Armour
 - Level 5.2(6.0) Dodging
 - Level 1.5(2.1) Stealth
 + Level 7.5(8.3) Spellcasting


You knew the following spells:

 Your Spells              Type           Power      Damage    Failure   Level
a - Teleport Other        Tloc           29%        N/A       1%          3
b - Apportation           Tloc           58%        N/A       1%          1
c - Freeze                Ice            100%       1d10      1%          1
d - Ensorcelled Hibernat  Hex/Ice        58%        N/A       1%          2
e - Vhi's Electric Charg  Tloc/Air       58%        N/A       1%          3
f - Ignite Poison         Fire/Tmut/Pois 29%        N/A       1%          3

Your spell library contained the following spells:

 Spells                   Type           Power      Damage    Failure   Level


Dungeon Overview and Level Annotations

Branches:
Dungeon (9/15)             Temple (1/1) D:6           Sewer (visited)
Ossuary (visited)
   Lair: D:8-11         Orc: D:9-12

Altars:
Ashenzari
Dithmenos
Trog

Shops:
D:5 !   D:6 *   D:7 ?   D:8 *

Annotations:
D:3 exclusion: sleepcap
D:4 1 runed translucent door, Pimp's ghost, amateur HOFi
D:6 exclusion: downstairs
D:7 exclusion: downstairs
D:8 2 transporters, exclusion: 3 downstairs, hawla's ghost, novice MeFE


Innate Abilities, Weirdness & Mutations

You are immune to sickness and miasma.
You are immune to poison.
Your flesh is very heat resistant. (rF++)
You are vulnerable to cold. (rC-)
You float through the air rather than walking.
You learn spells naturally, not from books.
Your magical power is your life essence.
You have superior vitality. (+4 MHP)


Message History

The arrow closely misses the killer bee.
The killer bee stings you. The killer bee closely misses you.
You shoot an arrow. The arrow hits the killer bee.
The arrow freezes the killer bee.
You kill the killer bee!
The killer bee closely misses you. The killer bee stings you.
You shoot an arrow. The arrow barely misses the killer bee.
The killer bee stings you but does no damage.
The killer bee closely misses you. The killer bee completely misses you.
You shoot an arrow. The arrow barely misses the killer bee.
The killer bee closely misses you. The killer bee misses you. x2
You shoot an arrow. The arrow barely misses the killer bee.
The killer bee misses you. The killer bee stings you. x2
You shoot an arrow. The arrow hits the killer bee.
The arrow freezes the killer bee.
The killer bee is almost dead.
The killer bee barely misses you. The killer bee completely misses you.
You shoot an arrow. The arrow misses the killer bee.
The killer bee barely misses you. x2; The killer bee stings you.
You shoot an arrow. The arrow misses the killer bee.
The killer bee stings you. x2
The killer bee barely misses you.
You shoot an arrow. The arrow hits the killer bee.
The arrow freezes the killer bee.
You kill the killer bee!
The shadow strikes at you from the darkness!
* * * LOW HITPOINT WARNING * * *
Reactivating autopickup.
You are too injured to fight recklessly!
Your +1 shortbow of freezing stops glowing.
Your +0 flail of holy wrath softly glows with a divine radiance!
E - a +0 flail of holy wrath (weapon)
You barely miss the shadow.
The shadow is heavily damaged.
The shadow closely misses you.
The shadow slips into darkness.
The shadow flickers and vanishes!
Deactivating autopickup; reactivate with Ctrl-A.
You barely miss something.
The shadow strikes at you from the darkness!
You die...

#.# ##.# ##########..#
###..........##
###..###.....### #..###
#....## ... #..# #....#
.. ...# #.## #.##.#
..##...# #@# ##.##.#
#..#...# #{# #.###.#
#.....# ##.## #.# #.#
#.....###...####.# #.#
##...........##..# #.#
..#................###.#
....................>..#
.......)..##...##....###
..........#####.....##


There were no monsters in sight!

Vanquished Creatures
  A two-headed ogre (D:8)
  Maggie (D:7)
  Prince Ribbit (D:8)
  A steam dragon (D:6)
  5 yaks
  2 black bears
  Pargi (Sewer)
  An orc warrior (D:8)
  2 ice beasts
  3 ogres
  2 centaurs
  An elf zombie (Ossuary)
  2 kobold brigands
  6 bullfrogs
  5 scorpions
  A wight (D:7)
  3 killer bees (D:9)
  An electric eel (D:9)
  A howler monkey (D:5)
  2 jellies
  3 gnoll boudas
  A hound (D:7)
  4 iguanas
  4 orc wizards
  4 mummies (Ossuary)
  11 adders
  16 gnolls
  3 white imps
  A howler monkey simulacrum (D:9)
  An ufetubus (D:5)
  2 adder zombies (Ossuary)
  A dart slug (D:2)
  3 worms
  18 orcs
  9 ball pythons
  An endoplasm (D:2)
  5 giant cockroaches
  5 goblins
  6 hobgoblins
  9 jackals
  4 quokkas
  3 bats (D:1)
  A frilled lizard (D:1)
  2 jackal zombies (Ossuary)
  17 kobolds
  4 kobold zombies (Ossuary)
  3 orc zombies (Ossuary)
  3 rats
186 creatures vanquished.

Vanquished Creatures (others)
  An orc (D:6)
1 creature vanquished.

Grand Total: 187 creatures vanquished

Notes
Turn   | Place    | Note
-------+----------+-------------------------------------------
     0 | D:1      | Chodeload the Djinni Wanderer began the quest for the Orb.
     0 | D:1      | Chodeload set off with the following items: a +0 dagger, a
                  | scroll of vulnerability, a potion of lignification, a +2
                  | leather armourthe following spells memorised: Teleport
                  | Other, Apportation.
     0 | D:1      | Reached XP level 1. HP: 15/15 MP: 0/0
   209 | D:1      | Reached skill level 1 in Fighting
   209 | D:1      | Reached XP level 2. HP: 18/22 MP: 0/0
   435 | D:1      | Found a faded altar of an unknown god.
   739 | D:3      | Reached XP level 3. HP: 27/27 MP: 0/0
   739 | D:3      | Learned a level 1 spell: Freeze
   850 | D:3      | Found a shadowy altar of Dithmenos.
  1247 | D:2      | Reached skill level 2 in Fighting
  1549 | D:3      | Reached XP level 4. HP: 26/33 MP: 0/0
  1780 | D:4      | Reached XP level 5. HP: 24/40 MP: 0/0
  1780 | D:4      | Learned a level 2 spell: Ensorcelled Hibernation
  1866 | D:4      | Reached skill level 3 in Fighting
  2154 | D:4      | Reached XP level 6. HP: 46/46 MP: 0/0
  2402 | D:4      | Noticed an ogre
  2534 | D:5      | Entered Level 5 of the Dungeon
  2562 | D:5      | Reached skill level 4 in Fighting
  2625 | D:5      | Reached XP level 7. HP: 41/53 MP: 0/0
  2625 | D:5      | Learned a level 3 spell: Vhi's Electric Charge
  2685 | D:5      | Found Nidgh's Distillery.
  2690 | D:5      | Bought a potion of heal wounds for 70 gold pieces
  2690 | D:5      | Bought a potion of might for 56 gold pieces
  2690 | D:5      | Bought a potion of berserk rage for 70 gold pieces
  2690 | D:5      | Bought a potion of curing for 42 gold pieces
  2736 | D:5      | Found a sand-covered staircase.
  2741 | Ossuary  | Entered an ossuary
  3044 | Ossuary  | Reached skill level 5 in Fighting
  3421 | D:5      | Found a broken altar of Ashenzari.
  3472 | D:5      | Became a worshipper of Ashenzari the Shackled
  3829 | D:6      | Reached skill level 1 in Long Blades
  3843 | D:6      | Found a glowing drain.
  3864 | Sewer    | Entered a sewer
  3913 | Sewer    | Noticed Pargi
  3928 | Sewer    | Killed Pargi
  3929 | Sewer    | Reached skill level 5 in Spellcasting
  3929 | Sewer    | Reached XP level 8. HP: 37/60 MP: 0/0
  4022 | D:6      | Found a staircase to the Ecumenical Temple.
  4031 | Temple   | Entered the Ecumenical Temple
  4091 | D:6      | Reached skill level 6 in Fighting
  4651 | D:6      | Found Wuloaheu's Fire Supplies.
  4713 | D:6      | Reached XP level 9. HP: 60/67 MP: 0/0
  4713 | D:6      | Learned a level 3 spell: Ignite Poison
  4972 | D:7      | Noticed Maggie
  4981 | D:7      | Killed Maggie
  4982 | D:7      | Reached skill level 7 in Fighting
  5153 | D:7      | Found The Oracle's Delphic Readings.
  5349 | D:4      | Noticed Pimp's ghost (amateur HOFi)
  5353 | D:4      | Found a runed translucent door.
  5743 | D:7      | Reached skill level 5 in Long Blades
  5882 | D:7      | Reached skill level 8 in Fighting
  5954 | D:8      | Reached XP level 10. HP: 64/76 MP: 0/0
  6030 | D:6      | Bought a +2 cloak of fire resistance for 301 gold pieces
  6106 | D:8      | Found a transporter.
  6116 | D:8      | Found a transporter.
  6116 | D:8      | Noticed a moth of wrath
  6176 | D:8      | Reached skill level 1 in Ranged Weapons
  6375 | D:8      | Reached * piety under Ashenzari
  6375 | D:8      | Identified a scroll of acquirement
  6380 | D:8      | Acquired 713 gold pieces
  6412 | D:8      | Found Oboezuyt's General Store.
  6473 | D:8      | Noticed a two-headed ogre
  6483 | D:8      | Noticed hawla's ghost (novice MeFE)
  6522 | D:8      | Found a bloodstained altar of Trog.
  6533 | D:8      | Noticed a two-headed ogre
  6645 | D:8      | Reached skill level 5 in Dodging
  6645 | D:8      | Noticed Prince Ribbit
  6678 | D:8      | Killed a two-headed ogre
  6684 | D:8      | Killed Prince Ribbit
  6806 | D:9      | Reached skill level 9 in Fighting
  6843 | D:9      | Noticed a gargoyle
  7033 | D:9      | Mangled by a shadow

Illustrated notes

Levels and vault maps discovered:
D:1:      amcnicky_arrival_abandoned_market, layout_loops_ring,
          ebering_ecumenical_altar_ruins, feat_on_display
D:2:      layout_loops_ring
D:3:      layout_basic, nicolae_dithmenos_the_darkroom
D:4:      cheibrodos_old_hovel, layout_basic, hellmonk_ghost_happy_afterlife
D:5:      nicolae_cairo_tiling, layout_loops_ring, old_standard_altar,
          serial_shops, shop, nicolae_ossuary_entry_false_entrances
D:6:      layout_basic, minmay_temple_entry_poolview, gup_sewer_entry_pipe,
          nicolae_shop_fire_sale [nicolae_sub_dead_trees],
          kennysheep_generic_room_2
D:7:      layout_rooms, nicolae_nh_oracle_at_delphi, uniq_maggie
D:8:      layout_basic, serial_shops, nicolae_shop_hallway_plus,
          gammafunk_ghost_wrathful_warriors, minmay_misc_feat_iff,
          uniq_prince_ribbit1
D:9:      layout_layer_cave, overflow_temple_1_default, serial_shops,
          nicolae_shop_back_alley_shop, nicolae_shop_drivethru,
          nicolae_shop_trees, shop, nicolae_shop_real_fake_doors,
          gammafunk_ghost_grave, serial_ice, serial_ice_c, serial_ice_k,
          serial_ice_h, serial_ice_d, uniq_psyche
Temple:   minmay_crystal_spiral_temple

Skill      XL: |  1  2  3  4  5  6  7  8  9 10 |
---------------+-------------------------------+-----
Fighting       | 1 2 3 4 5 6 8 9 |  9.1
Spellcasting   | 3 4 5 6 7 |  7.5
Long Blades    | 1 3 5 |  5.3
Ranged Weapons | 3 |  3.3
Dodging        | 5 |  5.2
Armour         | |  1.0
Stealth        | |  1.5

Action                     |  1- 3 |  4- 6 |  7- 9 | 10-12 || total
---------------------------+-------+-------+-------+-------++-------
  Melee: Dagger            |    27 |       |   400 |       ||   427
         Short sword       |   158 |   311 |       |       ||   469
         Punch             |     3 |     2 |     9 |       ||    14
         Long sword        |       |       |   149 |       ||   149
         Flail             |       |       |       |     2 ||     2
   Fire: Shortbow          |       |       |    12 |   119 ||   131
  Throw: Stone             |       |       |     2 |       ||     2
         Dart              |       |       |       |     1 ||     1
   Cast: Freeze            |       |    26 |    26 |       ||    52
         Vhi's Electric Ch |       |       |     5 |       ||     5
         Teleport Other    |       |       |     1 |       ||     1
         Ensorcelled Hiber |       |       |     1 |       ||     1
 Invoke: Curse Item        |       |       |       |     2 ||     2
  Evoke: Wand              |       |       |     7 |       ||     7
    Use: Scroll            |       |       |    12 |     2 ||    14
   Stab: Sleeping          |     3 |     2 |     2 |       ||     7
         Paralysed         |       |       |     8 |       ||     8
 Armour: Leather armour    |    45 |   122 |   175 |       ||   342
         Troll leather arm |       |       |   135 |    22 ||   157
  Dodge: Dodged            |   126 |   197 |   570 |    80 ||   973
